 Dungeon Sprint DCSS version 0.27.1 (webtiles) character file.

Game seed: 12657778525935474137

9538 styxcanada the Imperceptible (level 11, 0/58 HPs)
             Began as a Spriggan Brigand on Sept 5, 2021.
             Was an Initiate of Gozag.
             Slain by a spriggan rider (14 damage)
             ... in the Dungeon (Sprint IV: "Fedhas' Mad Dash").
             The game lasted 00:08:14 (1212 turns).

styxcanada the Imperceptible (Spriggan Brigand)     Turns: 1212, Time: 00:08:15

Health: 0/58       AC:  3    Str:  7    XL:     11   Next: 24%
Magic:  19/20      EV: 26    Int: 13    God:    Gozag
Gold:   2006       SH:  0    Dex: 20    Spells: 16/20 levels left

rFire    . . .     SeeInvis +   o - +2 rapier (venom)
rCold    . . .     Faith    .   (shield restricted)
rNeg     . . .     Spirit   .   b - +0 robe
rPois    .         Reflect  .   (helmet restricted)
rElec    .         Harm     .   c - +0 cloak
rCorr    .         Rampage  .   (gloves unavailable)
Will     +....     NoTele   +   (boots unavailable)
Stlth    +++++++++.             m - amulet of invisibility {+Inv}
HPRegen  0.19/turn              (no ring)
MPRegen  0.17/turn              (no ring)

@: very slightly contaminated, very quick
A: very small, no large weapons, unfitting armour, see invisible, speed 3
a: Renounce Religion, Evoke Invisibility, Potion Petition, Call Merchant, Bribe
Branch


You were in the Dungeon.
You worshipped Gozag.
Gozag was most pleased with you.
You visited 1 branch You collected 2195 gold pieces.
You spent 189 gold pieces at shops.

Inventory:

Hand Weapons
 a - a +2 dagger
 o - a +2 rapier of venom (weapon)
 q - a +0 mace of protection
Missiles
 d - 20 poisoned darts (quivered)
 e - 2 curare-tipped darts
 n - 17 stones
Armour
 b - a +0 robe (worn)
 c - a +0 cloak (worn)
Jewellery
 m - the amulet of invisibility (around neck) {+Inv}
   (You found it in the Dungeon)

   [amulet of nothing]

   +Inv:      It lets you turn invisible.
 p - the ring of Temptation {+Blink rF+ rN++ Dex-3 SInv}
   (You found it in the Dungeon)

   [ring of protection from fire]

   Dex:       It affects your dexterity (-3).
   rF:        It protects you from fire.
   rN:        It greatly protects you from negative energy.
   SInv:      It lets you see invisible.
   +Blink:    It lets you blink.
Scrolls
 k - a scroll of blinking
 l - a scroll of magic mapping {unknown}
Potions
 f - 3 potions of curing
 g - a potion of heal wounds
 h - a potion of haste
 i - 2 potions of magic


   Skills:
 * Level 7.2 Fighting
 + Level 6.6 Short Blades
 + Level 1.0(3.5) Slings
 + Level 4.5(4.6) Throwing
 * Level 10.8 Dodging
 * Level 23.8 Stealth
 - Level 0.9 Shields
 * Level 5.4 Spellcasting
 * Level 3.6 Summonings
 * Level 3.5 Ice Magic
 * Level 10.9 Evocations


You had 16 spell levels left.
You knew the following spells:

 Your Spells              Type           Power      Damage    Failure   Level
a - Summon Ice Beast      Ice/Summ       12%        N/A       38%         4

Your spell library contained the following spells:

 Spells                   Type           Power      Damage    Failure   Level
 Frozen Ramparts          Ice            24%        1d4       12%         3
 Blink                    Tloc           N/A        N/A       26%         2
 Ice Form                 Ice/Tmut       8%         N/A       65%         4
 Manifold Assault         Tloc           3%         N/A       99%         5
 Storm Form               Tmut/Air       1%         N/A       100%        7


Dungeon Overview and Level Annotations

Branches:
Dungeon (1/1)

Altars:
Cheibriados
Dithmenos
Elyvilon
Gozag
Hepliaklqana
Kikubaaqudgha
Makhleb
Nemelex Xobeh
Okawaru
Qazlal
Ru
Sif Muna
Trog
Uskayaw
Vehumet
Wu Jian
Xom
Yredelemnul
Zin
The Shining One
Beogh
Jiyva
Lugonu

Shops:
D ![((*!


Innate Abilities, Weirdness & Mutations

You are very small and have problems with some larger weapons.
You are too small for most types of armour.
You have supernaturally acute eyesight. (SInv)
You cover ground extremely quickly. (Speed+++)


Message History

The spriggan rider barely misses you.
There is an open door here.
Okay, then.
You feel much better. The spriggan hits you with a +0 dagger!
You miss the spriggan. The spriggan rider misses you.
The spriggan hits you with a +0 dagger!
* * * LOW HITPOINT WARNING * * *
Unknown command.
There is an open door here.
You flicker for a moment.
You see here a +0 war axe.
Throw: 24 darts (poison)
Press: ? - help, Q - select action, (/) - cycle Shift-Dir - straight line, f - spriggan rider
Aim: a spriggan rider, wielding a +0 spear and wearing a +0 buckler (44% to hit)
You throw a poisoned dart.
The spriggan rider blocks the poisoned dart.
Throw: 23 darts (poison)
Press: ? - help, Q - select action, (/) - cycle Shift-Dir - straight line, f/p - spriggan rider
Aim: a spriggan rider, wielding a +0 spear and wearing a +0 buckler (44% to hit)
You throw a poisoned dart.
The poisoned dart hits the spriggan rider.
The spriggan rider is poisoned.
The spriggan rider barely misses you.
Throw: 22 darts (poison)
Press: ? - help, Q - select action, (/) - cycle Shift-Dir - straight line, f/p - spriggan rider
Aim: a spriggan rider, wielding a +0 spear and wearing a +0 buckler (lightly wounded, poisoned, 44% to hit)
You throw a poisoned dart.
The spriggan rider blocks the poisoned dart.
You flicker back into view.
There is an open door here.
Throw: 21 darts (poison)
Press: ? - help, Q - select action, (/) - cycle Shift-Dir - straight line, f/p - spriggan rider
Aim: a spriggan rider, wielding a +0 spear and wearing a +0 buckler (lightly wounded, poisoned, 44% to hit)
You throw a poisoned dart.
The poisoned dart hits the spriggan rider.
The spriggan rider looks even sicker.
The spriggan rider is lightly wounded.
The spriggan rider hits you from afar with a +0 spear!
You die...
Your body crumbles into a pile of gold.

#############################
.⌠._._._._.⌠.#.['.)[#....##∩#
.._._._._._..'..#...#....'..# +#
..._._._._...#..###'##...##∩#$$##
.._._._._._..#.)##∩∩.'...#### ...
._._._._._.⌠.#################...
##################i(...[###.....♣
♣♣♣♣♣..♣(###.'.[@.ii.((.'.(...♣..
.....♣..♣##..#..#.P.....#######
..♣♣♣.♣).###.##+##.P....#
♣♣..♣...♣'...# ########
##############


You could see a spriggan rider (very poisoned) and 2 spriggans.

Vanquished Creatures
  A spriggan druid (D)
  6 oklob plants (D)
  A demonic crawler (D)
  3 burning bushes (D)
  3 wandering mushrooms (D)
  A queen bee (D)
  3 scorpions (D)
  4 killer bees (D)
  5 oklob saplings (D)
  2 spriggans (D)
  A river rat (D)
  A rat (D)
  A ballistomycete spore (D)
32 creatures vanquished.

Notes
Turn   | Place    | Note
-------+----------+-------------------------------------------
     0 | D        | styxcanada the Spriggan Brigand began the quest for the
                  | Orb.
     0 | D        | Reached XP level 1. HP: 10/10 MP: 2/2
     9 | D        | Reached skill level 8 in Stealth
     9 | D        | Reached XP level 2. HP: 15/15 MP: 3/3
    15 | D        | Noticed an oklob sapling
    17 | D        | Killed an oklob sapling
    18 | D        | Reached skill level 10 in Stealth
    18 | D        | Reached XP level 3. HP: 18/18 MP: 4/4
    19 | D        | Noticed a scorpion
    19 | D        | Found the amulet of invisibility {+Inv}
    35 | D        | Killed a scorpion
    36 | D        | Reached skill level 12 in Stealth
    36 | D        | Reached XP level 4. HP: 23/23 MP: 5/5
    75 | D        | Found an opulent altar of Gozag.
    75 | D        | Found a hazy altar of Hepliaklqana.
    75 | D        | Found a burning altar of Makhleb.
    75 | D        | Found a sparkling altar of Nemelex Xobeh.
    75 | D        | Found a snail-covered altar of Cheibriados.
    75 | D        | Found a sacrificial altar of Ru.
    75 | D        | Found a shimmering blue altar of Sif Muna.
    75 | D        | Found a shimmering altar of Xom.
    75 | D        | Found a basalt altar of Yredelemnul.
    76 | D        | Found a viscous altar of Jiyva.
    76 | D        | Found a bloodstained altar of Trog.
    76 | D        | Found an ornate altar of the Wu Jian Council.
    77 | D        | Found an iron altar of Okawaru.
    77 | D        | Found a shadowy altar of Dithmenos.
    77 | D        | Found a glowing silver altar of Zin.
    78 | D        | Found an ancient bone altar of Kikubaaqudgha.
    78 | D        | Found a hide-covered altar of Uskayaw.
    79 | D        | Found a stormy altar of Qazlal.
    79 | D        | Found a white marble altar of Elyvilon.
    79 | D        | Found a glowing golden altar of the Shining One.
    80 | D        | Became a worshipper of Gozag Ym Sagoz the Greedy
    81 | D        | Found a corrupted altar of Lugonu.
    81 | D        | Found a radiant altar of Vehumet.
    88 | D        | Reached skill level 13 in Stealth
    88 | D        | Reached XP level 5. HP: 28/28 MP: 3/6
   137 | D        | Reached skill level 5 in Dodging
   137 | D        | Reached skill level 14 in Stealth
   137 | D        | Reached skill level 1 in Evocations
   144 | D        | Reached skill level 15 in Stealth
   146 | D        | Reached XP level 6. HP: 33/33 MP: 5/7
   168 | D        | Found Hosix's Armour Shop.
   168 | D        | Found Qovar's Distillery.
   174 | D        | Bought a potion of curing for 33 gold pieces
   174 | D        | Bought a potion of curing for 33 gold pieces
   174 | D        | Bought a potion of heal wounds for 55 gold pieces
   180 | D        | Noticed a burning bush
   180 | D        | Noticed a wandering mushroom
   181 | D        | Noticed a wandering mushroom
   185 | D        | Killed a wandering mushroom
   186 | D        | Reached skill level 17 in Stealth
   186 | D        | Killed a wandering mushroom
   187 | D        | Reached skill level 19 in Stealth
   187 | D        | Reached XP level 7. HP: 28/38 MP: 5/8
   396 | D        | Killed a burning bush
   397 | D        | Reached skill level 5 in Fighting
   397 | D        | Reached skill level 20 in Stealth
   412 | D        | Found Buges's Weapon Emporium.
   412 | D        | Found Nomeod's Weapon Shoppe.
   416 | D        | Identified the ring of Temptation {+Blink rF+ rN++ Dex-3
                  | SInv}
   421 | D        | Bought 17 poisoned darts for 68 gold pieces
   481 | D        | Reached XP level 8. HP: 43/43 MP: 6/9
   487 | D        | Noticed a queen bee
   494 | D        | Killed a queen bee
   495 | D        | Reached skill level 5 in Evocations
   653 | D        | Noticed an oklob plant
   656 | D        | Killed an oklob plant
   657 | D        | Reached skill level 21 in Stealth
   666 | D        | Learned a level 4 spell: Summon Ice Beast
   720 | D        | Noticed a burning bush
   723 | D        | Killed a burning bush
   724 | D        | Reached skill level 5 in Short Blades
   724 | D        | Reached skill level 22 in Stealth
   724 | D        | Reached skill level 1 in Spellcasting
   724 | D        | Reached XP level 9. HP: 48/48 MP: 7/11
   801 | D        | Noticed a burning bush
   801 | D        | Noticed an oklob plant
   802 | D        | Noticed a wandering mushroom
   803 | D        | Killed a burning bush
   804 | D        | Reached skill level 1 in Summonings
   804 | D        | Reached skill level 1 in Ice Magic
   808 | D        | Killed an oklob plant
   812 | D        | Killed a wandering mushroom
   880 | D        | Noticed a spriggan druid
   882 | D        | Killed a spriggan druid
   883 | D        | Reached skill level 10 in Dodging
   883 | D        | Reached skill level 23 in Stealth
   957 | D        | Noticed an oklob plant conjurer
   958 | D        | Killed an oklob plant conjurer
  1023 | D        | Noticed an oklob plant
  1023 | D        | Noticed an oklob plant summoner
  1024 | D        | Noticed an oklob plant shifter
  1028 | D        | Killed an oklob plant
  1029 | D        | Reached skill level 10 in Evocations
  1029 | D        | Reached XP level 10. HP: 53/53 MP: 14/17
  1036 | D        | Killed an oklob plant summoner
  1041 | D        | Killed an oklob plant shifter
  1185 | D        | Reached skill level 1 in Slings
  1185 | D        | Reached skill level 5 in Spellcasting
  1185 | D        | Reached XP level 11. HP: 58/58 MP: 18/20
  1188 | D        | Noticed a spriggan rider
  1189 | D        | Found Feom's Assorted Antiques.
  1194 | D        | Found Acusi's Distillery.
  1212 | D        | Slain by a spriggan rider

Illustrated notes

Levels and vault maps discovered:
D:        dungeon_sprint_fedhas [sprint_temple]

Skill      XL: |  1  2  3  4  5  6  7  8  9 10 |
---------------+-------------------------------+-----
Dodging        | 2 4 5 7 8 9 10 | 10.8
Stealth        | 8 10 12 13 15 19 20 22 23 | 23.8
Fighting       | 2 3 4 5 6 7 |  7.2
Throwing       | 3 4 |  4.5
Evocations     | 2 3 4 6 10 | 10.9
Short Blades   | 3 4 5 6 |  6.6
Spellcasting   | 1 4 5 |  5.4
Summonings     | 2 3 |  3.6
Ice Magic      | 2 3 |  3.5
Slings         | 1 |  1.0
Shields        | |  0.9

Action                   |  1- 3 |  4- 6 |  7- 9 | 10-12 || total
-------------------------+-------+-------+-------+-------++-------
Melee: Dagger            |     4 |    11 |     8 |       ||    23
       Rapier            |       |       |    28 |    13 ||    41
Throw: Dart              |     5 |       |       |     4 ||     9
 Abil: Evoke Invisibilit |       |     3 |     8 |     2 ||    13
  Use: Potion            |       |       |     1 |     2 ||     3
       Scroll            |       |       |       |     1 ||     1
 Stab: Sleeping          |     2 |     6 |    13 |     1 ||    22
       Invisible         |       |     1 |     1 |     2 ||     4
Armor: Robe              |       |       |     2 |       ||     2
Dodge: Dodged            |     4 |     3 |    30 |     6 ||    43
